 Dungeon Crawl Stone Soup version 0.30-a0-956-gcec3b41aec (webtiles) character file.

Game seed: 872421857470880071

1 retardedninja the Covered (level 1, -2/19 HPs)
             Began as an Armataur Fighter on Mar 29, 2023.
             Slain by a hobgoblin (4 damage)
             ... on level 1 of the Dungeon.
             The game lasted 00:00:25 (138 turns).

retardedninja the Covered (Armataur Fighter)         Turns: 138, Time: 00:00:26

Health: -2/19      AC:  6    Str: 21    XL:     1   Next: 16%
Magic:  1/1        EV:  7    Int:  8    God:
Gold:   16         SH:  4    Dex:  9    Spells: 0/0 levels left

rFire   . . .      SeeInvis .    a - +0 long sword
rCold   . . .      Faith    .    c - +0 buckler
rNeg    . . .      Spirit   .    b - +0 scale mail
rPois   .          Reflect  .    (no helmet)
rElec   .          Roll     +    (no cloak)
rCorr   .                        (no gloves)
Will    .....                    (no barding) Stlth
                                 (no amulet)
HPRegen 0.23/turn                (no ring)
MPRegen 0.07/turn                (no ring)

@: no status effects
A: large, rugged brown scales 3, deformed body, armoured tail, roll, long
tongue, awkward tongue
a: no special abilities


You were on level 1 of the Dungeon.
You visited 1 branch of the dungeon, and saw 1 of its levels.

You collected 16 gold pieces.

Inventory:

Hand Weapons
 a - a +0 long sword (weapon)
Armour
 b - a +0 scale mail (worn)
 c - a +0 buckler (worn)
Jewellery
 e - a ring of protection from fire
Potions
 d - a potion of might


   Skills:
 + Level 2.7 Fighting
 + Level 1.8 Long Blades
 + Level 3.6 Armour
 + Level 3.3 Shields


You couldn't memorise any spells.
You didn't know any spells.
Your spell library was empty.

Dungeon Overview and Level Annotations

Branches:
Dungeon (1/15)

Altars:


Innate Abilities, Weirdness & Mutations

You are completely covered in rugged brown scales. (AC +3, +7% HP)
Armour fits poorly on your strangely shaped body.
You have a long armoured tail.
You roll when moving toward enemies. (Rampage)
Your long tongue fully drains potion bottles. (2x potion effects)
Your tongue gives you trouble enunciating. (1.5x scroll delay)


Message History

The hobgoblin is almost dead.
The hobgoblin hits you.
The hobgoblin hits you but does no damage.
The hobgoblin hits you. You block the hobgoblin's attack.
You barely miss the hobgoblin.
The hobgoblin is almost dead.
The hobgoblin hits you but does no damage. x2
You closely miss the hobgoblin.
The hobgoblin is almost dead.
The hobgoblin hits you but does no damage. x2
You closely miss the hobgoblin.
The hobgoblin is almost dead.
The hobgoblin barely misses you. The hobgoblin hits you.
You closely miss the hobgoblin.
The hobgoblin is almost dead.
The hobgoblin hits you. The hobgoblin barely misses you. x2
The hobgoblin hits you but does no damage.
You closely miss the hobgoblin.
The hobgoblin is almost dead.
The hobgoblin hits you.
* * * LOW HITPOINT WARNING * * *
The hobgoblin hits you but does no damage.
You closely miss the hobgoblin.
The hobgoblin is almost dead.
You block the hobgoblin's attack. x2; The hobgoblin hits you.
* * * LOW HITPOINT WARNING * * *
The hobgoblin hits you but does no damage.
You slash the hobgoblin!
You kill the hobgoblin!
You block the hobgoblin's attack. The hobgoblin barely misses you.
Things that are here:
a stone; a green potion; a hobgoblin corpse You barely miss the hobgoblin.
You tail-slap the hobgoblin, but do no damage.
The hobgoblin hits you but does no damage.
You barely miss the hobgoblin. You tail-slap the hobgoblin.
The hobgoblin is severely wounded.
You block the hobgoblin's attack. The hobgoblin hits you.
You die...

#.#....##...........##..≈≈#.#
#.#....#............+#..g≈#.#
#.'...........<.....8+...≈'.#
#.#....#............##...≈#.#
#.#....##...........##..≈≈#[#
#.##...###.........###..≈ #.#
##.##### ####8'8#### ######.#
#.# ######'###### #.## #.##
#....g@.....# ##.# ##.###
#§≈§.....≈≈≈# ###.##
##..#####≈≈§≈≈≈≈#####..##
###...#####'#####...###
####...........####
#############


You could see a hobgoblin.

Vanquished Creatures
  A hobgoblin (D:1)
1 creature vanquished.

Notes
Turn   | Place    | Note
-------+----------+-------------------------------------------
     0 | D:1      | retardedninja the Armataur Fighter began the quest for the
                  | Orb.
     0 | D:1      | Reached XP level 1. HP: 19/19 MP: 1/1
   138 | D:1      | Slain by a hobgoblin

Illustrated notes

Levels and vault maps discovered:
D:1:      dpeg_arrival_morbid_curiosity, layout_basic,
          chequers_ecumenical_altar_simple_redux, serial_bayou_lagoon_b

Action                     || total
---------------------------++-------
  Melee: Long sword        ||    17
         Tailslap          ||     2
 Armour: Scale mail        ||    18
  Dodge: Dodged            ||    16
  Block: Buckler           ||     7

Table legend: (Time is in decaauts)
 A = Elapsed time spent in this place.
 B = Non-inter-level travel time spent in this place.
 C = Inter-level travel time spent in this place.
 D = Time resting spent in this place.
 E = Time spent auto-exploring this place.
 F = Levels seen in this place.
 G = Mean time per level.
                   A        B        C        D        E       F      G
               +--------+--------+--------+--------+--------+-----+--------+
         Total |    143 |    109 |     34 |      0 |     45 |   1 |  143.0 |
       Dungeon |    143 |    109 |     34 |      0 |     45 |   1 |  143.0 |
               +--------+--------+--------+--------+--------+-----+--------+

Top non-repeatable levels by time:
     D:1: 143 daAuts
